 Dungeon Crawl Stone Soup version 0.29-a0-757-g358383bc75 (webtiles) character file.

Game seed: 275628588034760677

8208 Pelinal the Markself (level 11, -25/55 HPs)
             Began as a Deep Elf Arcane Marksman on July 1, 2022.
             Was a Follower of Kikubaaqudgha.
             Annihilated by a two-headed ogre
             ... wielding a +0 giant club
              (26 damage)
             ... on level 10 of the Dungeon.
             The game lasted 00:46:15 (14725 turns).

Pelinal the Markself (Deep Elf Arcane Marksman)    Turns: 14725, Time: 00:46:16

Health: -25/55     AC:  8    Str:  7    XL:     11   Next: 6%
Magic:  15/15      EV: 15    Int: 19    God:    Kikubaaqudgha [*.....]
Gold:   218        SH:  0    Dex: 19    Spells: 3/13 levels left

rFire   . . .      SeeInvis .   a - +0 shortbow
rCold   . . .      Faith    .   (shield currently unavailable)
rNeg    . . .      Spirit   .   q - +0 robe {Will+}
rPois   .          Reflect  .   (no helmet)
rElec   .          Harm     .   Q - +0 cloak
rCorr   .          Rampage  .   r - +0 pair of gloves
Will    +++..                   (no boots)
Stlth   ++........              c - amulet of regeneration
HPRegen 0.98/turn               h - +4 ring of protection
MPRegen 0.14/turn               P - ring of willpower

@: no status effects
A: no striking features
a: Renounce Religion, Unearth Wretches


You were on level 10 of the Dungeon.
You worshipped Kikubaaqudgha.
Kikubaaqudgha was aware of your devotion.
You visited 2 branches of the dungeon, and saw 11 of its levels.

You collected 518 gold pieces.
You spent 300 gold pieces at shops.

Inventory:

Hand Weapons
 a - a +0 shortbow (weapon)
 b - a +1 dagger of venom
 R - a +2 whip of electrocution
Missiles
 s - 5 poisoned darts
 x - 5 datura-tipped darts
Armour
 q - a +0 robe of willpower (worn)
 r - a +0 pair of gloves (worn)
 Q - a +0 cloak (worn)
Magical Staves
 N - a staff of death
Jewellery
 c - an amulet of regeneration (around neck)
 h - a +4 ring of protection (left hand)
 n - a ring of protection from fire
 o - a ring of resist corrosion
 v - the ring of Yjikluff {*Corrode rPois rN+ Str+3 Int+3}
   (You found it on level 4 of the Dungeon)

   [ring of poison resistance]

   Str:       It affects your strength (+3).
   Int:       It affects your intelligence (+3).
   rPois:     It protects you from poison.
   rN:        It protects you from negative energy.
   *Corrode:  It may corrode you when you take damage.
 P - a ring of willpower (right hand)
Wands
 i - a wand of light (1)
 p - a wand of digging (1)
 B - a wand of polymorph (8)
 L - a wand of flame (19)
Scrolls
 f - 2 scrolls of vulnerability
 g - 3 scrolls of silence
 u - 2 scrolls of fog
 y - a scroll of noise
 z - a scroll of magic mapping {unknown}
 C - a scroll of acquirement {unknown}
 F - 2 scrolls of identify
 G - 3 scrolls of enchant weapon {unknown}
 I - a scroll of immolation {unknown}
Potions
 d - 3 potions of attraction
 k - a potion of resistance
 H - 2 potions of brilliance
 J - a potion of flight {unknown}
 K - a potion of mutation {unknown}
 M - a potion of might {unknown}
 O - a potion of degeneration {unknown}


   Skills:
 - Level 0.7 Fighting
 - Level 16.0 Ranged Weapons
 - Level 6.0 Throwing
 - Level 5.5 Dodging
 - Level 1.5 Spellcasting
 - Level 9.0 Hexes
 + Level 3.3 Necromancy
 + Level 3.0 Translocations
 + Level 3.0 Fire Magic
 - Level 5.0 Evocations


You had 3 spell levels left.
You knew the following spells:

 Your Spells              Type           Power      Damage    Failure   Level
a - Slow                  Hex            100%       N/A       1%          1
b - Portal Projectile     Hex/Tloc       48%        N/A       4%          3
c - Inner Flame           Hex/Fire       24%        N/A       4%          3
d - Necrotize             Necr           56%        1d6       4%          1
F - Blink                 Tloc           24%        N/A       8%          2

Your spell library contained the following spells:

 Spells                   Type           Power      Damage    Failure   Level
 Apportation              Tloc           24%        N/A       5%          1
 Sublimation of Blood     Necr           14%        N/A       7%          2
 Vampiric Draining        Necr           14%        2d7       14%         3
 Lesser Beckoning         Tloc           12%        N/A       16%         3
 Magic Dart               Conj           4%         1d3       19%         1
 Summon Small Mammal      Summ           4%         N/A       19%         1
 Searing Ray              Conj           2%         2d4       26%         2
 Stone Arrow              Conj/Erth      2%         3d7       47%         3
 Cause Fear               Hex            17%        N/A       4%          4
 Anguish                  Hex/Necr       12%        N/A       14%         4
 Fulminant Prism          Conj/Hex       9%         3d7       28%         4
 Manifold Assault         Tloc           12%        N/A       82%         5
 Animate Armour           Summ/Erth      2%         N/A       87%         4
 Summon Ice Beast         Ice/Summ       1%         N/A       87%         4
 Lehudib's Crystal Spear  Conj/Erth      0%         10d2      100%        8
 Polar Vortex             Ice            0%         N/A       100%        9


Dungeon Overview and Level Annotations

Branches:
Dungeon (10/15)            Temple (1/1) D:4
   Lair: D:8-11         Orc: D:9-12

Altars:
Ashenzari
Cheibriados
Fedhas
Gozag
Hepliaklqana
Kikubaaqudgha
Makhleb
Nemelex Xobeh
Okawaru
Qazlal
Ru
Sif Muna
Trog
Uskayaw
Vehumet
Wu Jian
Xom
Yredelemnul
Zin
The Shining One

Shops:
D:4 ==

Annotations:
D:6 exclusion: water moccasin
D:10 Grum


Message History

The wraith attacks as you move away! The wraith hits you but does no damage.
Aiming: Bolt of Light
Press: ? - help, Shift-Dir - straight line, f - komodo dragon
Aim: a komodo dragon (moderately wounded, wandering, blind, hasn't noticed you, 81% to hit)
The bolt of light hits the wraith!
The wraith is severely damaged.
The wraith is blinded.
The bolt of light hits the two-headed ogre!!
The two-headed ogre is moderately wounded.
The two-headed ogre is blinded.
The bolt of light hits the komodo dragon!!
The komodo dragon is almost dead.
The wraith barely misses you.
Unknown command.
Fire: a) +0 shortbow
Press: ? - help, Q - select action, (/) - cycle Shift-Dir - straight line, f/p - komodo dragon
Aim: a komodo dragon (almost dead, wandering, blind, hasn't noticed you)
You shoot an arrow. The arrow closely misses the wraith.
The komodo dragon hisses angrily.
The arrow hits the two-headed ogre but does no damage.
The two-headed ogre is moderately wounded.
You shoot an arrow. The arrow hits the wraith!
You destroy the wraith!
Kikubaaqudgha accepts your kill.
Your Translocations skill increases to level 3!
Your Fire Magic skill increases to level 3!
You shoot an arrow. The arrow hits the two-headed ogre.
The two-headed ogre is moderately wounded.
You shoot an arrow.
The arrow barely misses the two-headed ogre.
The two-headed ogre hits you with a +0 giant club!!
The two-headed ogre hits you with a +0 giant spiked club.
The two-headed ogre is no longer blind.
There is an escape hatch in the ceiling here.
The two-headed ogre hits you with a +0 giant club!!
Ouch! That really hurt!
* * * LOW HITPOINT WARNING * * *
The two-headed ogre hits you with a +0 giant spiked club!!
You die...
Kikubaaqudgha rasps: "You have failed me!
Welcome... death!"

..O...#.##...g..##........##....#
......########.####..≈..#..#.....
..V#W..# ####..# #..............
)..#..g###..#..## #..............
.l..##V.........####..........###
..p###..)...#.....##......#...###
....###.....##............#......
...).<.......#.....#.#..##.......
###.....#....#..@O.####..........
#....####...#.......##..........
#...## #[$....#................
##..)## #.....##.[).............
......# #.....###...............
..#..#####..##.........#####....#
.......#...####........# #.####
....#.......# ##...#...# ### #.
..#####.....# #>..##.## ##


You could see a two-headed ogre.

Vanquished Creatures
  A boulder beetle (D:9)
  Lodul (D:10)
  Pikel (D:5)
  A hornet (D:9)
  Grinder (D:4)
  A wraith (D:10)
  7 yaks (D:9)
  A steam dragon (D:8)
  4 orc warriors
  2 black bears
  An ice beast (D:7)
  2 sky beasts (D:7)
  8 ogres
  3 wolves (D:9)
  7 centaurs
  3 phantoms
  A lemure (D:4)
  A bullfrog (D:5)
  A scorpion (D:5)
  16 wights
  3 jellies
  Dowan (D:5)
  11 killer bees
  8 hounds
  3 orc priests
  A gnoll shaman (D:10)
  Ijyb (D:4)
  2 iguanas
  6 orc wizards
  A mummy (D:5)
  10 gnolls
  6 adders
  2 shadow imps
  A worm (D:2)
  4 dart slugs
  28 orcs
  4 ball pythons
  3 endoplasms
  4 giant cockroaches
  8 goblins
  6 hobgoblins
  4 jackals (D:3)
  8 kobolds
  7 quokkas
  4 bats (D:2)
  2 frilled lizards
  2 kobold zombies (D:5)
  2 orc zombies (D:5)
  4 rats
209 creatures vanquished.

Vanquished Creatures (others)
  A human (D:9)
  7 plants (D:3)
  7 withered plants (D:3)
15 creatures vanquished.

Grand Total: 224 creatures vanquished

Notes
Turn   | Place    | Note
-------+----------+-------------------------------------------
     0 | D:1      | Pelinal the Deep Elf Arcane Marksman began the quest for
                  | the Orb.
     0 | D:1      | Reached XP level 1. HP: 11/11 MP: 5/5
   221 | D:1      | Reached skill level 3 in Ranged Weapons
   269 | D:1      | Reached XP level 2. HP: 14/16 MP: 6/6
   387 | D:1      | Reached skill level 4 in Ranged Weapons
  1043 | D:2      | Reached XP level 3. HP: 20/20 MP: 7/7
  1248 | D:2      | Reached skill level 5 in Ranged Weapons
  2156 | D:3      | Reached XP level 4. HP: 24/24 MP: 8/8
  2709 | D:3      | Found a faded altar of an unknown god.
  2773 | D:3      | Found a stormy altar of Qazlal.
  2773 | D:3      | Found a glowing golden altar of the Shining One.
  2780 | D:3      | Found a snail-covered altar of Cheibriados.
  2783 | D:3      | Found a faded altar of an unknown god.
  2785 | D:3      | Found a bloodstained altar of Trog.
  3166 | D:4      | Found a blossoming altar of Fedhas.
  3238 | D:4      | Noticed Grinder
  3271 | D:4      | Killed Grinder
  3272 | D:4      | Reached skill level 7 in Ranged Weapons
  3272 | D:4      | Reached XP level 5. HP: 12/28 MP: 6/9
  3272 | D:4      | Reached XP level 6. HP: 14/33 MP: 6/10
  3451 | D:4      | Found a staircase to the Ecumenical Temple.
  3474 | Temple   | Entered the Ecumenical Temple
  3918 | D:4      | Found Uhafuxt Fith's Jewellery Boutique.
  3942 | D:4      | Identified the ring of Yjikluff {*Corrode rPois rN+ Str+3
                  | Int+3}
  4012 | D:4      | Found Jihel's Jewellery Boutique.
  4140 | D:4      | Noticed Ijyb
  4251 | D:4      | Killed Ijyb
  4252 | D:4      | Reached skill level 8 in Ranged Weapons
  4731 | D:4      | Noticed Eustachio
  4822 | D:5      | Entered Level 5 of the Dungeon
  4911 | D:5      | Reached skill level 5 in Dodging
  4911 | D:5      | Reached XP level 7. HP: 20/37 MP: 11/11
  5219 | D:5      | Reached skill level 9 in Ranged Weapons
  5267 | D:5      | Noticed Duvessa
  5573 | D:5      | Noticed Pikel
  5926 | D:5      | Killed Pikel
  5927 | D:5      | Reached XP level 8. HP: 37/42 MP: 10/12
  6408 | D:5      | Noticed Dowan
  6509 | D:4      | Noticed Eustachio
  6509 | D:4      | Eustachio changed into Eustachio the orc
  6511 | D:4      | Killed Eustachio the orc
  6704 | D:5      | Noticed Duvessa
  6704 | D:5      | Duvessa changed into Duvessa the centaur
  6713 | D:5      | Killed Duvessa the centaur
  6729 | D:5      | Identified the +1 ring mail of Golden Birdsong {rPois rF+}
  6757 | D:5      | Killed Dowan
  6758 | D:5      | Reached skill level 5 in Evocations
  7249 | D:5      | Reached skill level 10 in Ranged Weapons
  7249 | D:5      | Reached skill level 5 in Throwing
  7647 | D:6      | Reached XP level 9. HP: 43/46 MP: 13/13
  7738 | D:6      | Reached skill level 11 in Ranged Weapons
  9171 | D:7      | Reached skill level 12 in Ranged Weapons
  9171 | D:7      | Reached skill level 5 in Hexes
  9826 | D:7      | Learned a level 2 spell: Blink
  9830 | D:7      | Learned a level 3 spell: Portal Projectile
  9834 | D:7      | Learned a level 3 spell: Inner Flame
 10461 | D:8      | Reached skill level 13 in Ranged Weapons
 10502 | D:8      | HP: 1/46 [killer bee (6)]
 12044 | D:4      | Bought an amulet of regeneration for 300 gold pieces
 12302 | D:8      | Learned a level 1 spell: Necrotize
 12427 | D:8      | Reached XP level 10. HP: 51/51 MP: 11/14
 12475 | D:8      | Found a radiant altar of Vehumet.
 12677 | D:8      | Reached skill level 14 in Ranged Weapons
 12754 | D:9      | Noticed a boulder beetle
 12845 | D:9      | Got the Catalogue of the Snowflakes
 12937 | D:9      | Killed a boulder beetle
 13019 | D:9      | Reached skill level 15 in Ranged Weapons
 13153 | D:9      | Paralysed by a hornet for 2 turns
 13381 | D:9      | Found an ancient bone altar of Kikubaaqudgha.
 13385 | D:9      | Became a worshipper of Kikubaaqudgha
 13878 | D:10     | Entered Level 10 of the Dungeon
 14044 | D:10     | Reached skill level 1 in Necromancy
 14061 | D:10     | Noticed a two-headed ogre
 14236 | D:9      | Reached skill level 1 in Translocations
 14236 | D:9      | Reached skill level 1 in Fire Magic
 14402 | D:10     | Noticed Grum
 14488 | D:10     | Reached skill level 16 in Ranged Weapons
 14511 | D:10     | Noticed a death knight
 14516 | D:10     | Noticed Lodul
 14530 | D:10     | Killed Lodul
 14530 | D:10     | Reached * piety under Kikubaaqudgha
 14530 | D:10     | Received a gift from Kikubaaqudgha
 14531 | D:10     | Reached XP level 11. HP: 44/55 MP: 15/15
 14725 | D:10     | HP: 1/55 [two-headed ogre/+0 giant club (29)]
 14725 | D:10     | Annihilated by a two-headed ogre

Illustrated notes

Levels and vault maps discovered:
D:1:      dpeg_arrival_tiny_j, layout_rooms
D:2:      layout_rooms
D:3:      layout_loops_ring, chequers_temple_overflow_minitemple,
          shapermc_ecumenical_altar_flowoftime
D:4:      layout_basic, mainiacjoe_overflow_alcove_2,
          minmay_temple_entry_statues_fountains, serial_shops,
          nicolae_square_shop, shop, kennysheep_generic_room_3, uniq_grinder,
          uniq_eustachio, uniq_ijyb
D:5:      layout_loops_ring, st_stairs_9, minmay_mini_ossuary, uniq_pikel,
          uniq_duvessa
D:6:      layout_rooms
D:7:      layout_basic
D:8:      layout_basic, lemuel_round_altar, enter_bailey_5,
          eino_small_chamber_without_monster
D:9:      layout_loops_cross, tgw_kikubaaqudgha
D:10:     layout_cave_pools, old_standard_altar,
          mainiacjoe_overflow_tiny_flanked, chequers_serial_rivers_micro_e,
          uniq_grum, uniq_lodul
Temple:   oiseaux_autumnal_temple

Skill      XL: |  1  2  3  4  5  6  7  8  9 10 11 |
---------------+----------------------------------+-----
Ranged Weapons | 3 4 5 7 8 9 10 13 16 | 16.0
Dodging        | 4 5 |  5.5
Throwing       | 3 5 6 |  6.0
Evocations     | 3 5 |  5.0
Hexes          | 7 9 |  9.0
Necromancy     | 2 3 |  3.3
Translocations | 2 3 |  3.0
Fire Magic     | 2 3 |  3.0
Fighting       | |  0.7
Spellcasting   | |  1.5

Action                   |  1- 3 |  4- 6 |  7- 9 | 10-12 || total
-------------------------+-------+-------+-------+-------++-------
Melee: Dagger            |    66 |    27 |       |    14 ||   107
       Whip              |       |       |     9 |       ||     9
 Fire: Sling             |   136 |   164 |   414 |       ||   714
       Shortbow          |       |       |   152 |   264 ||   416
Throw: Dart              |       |       |     4 |    12 ||    16
 Cast: Slow              |    31 |    34 |    81 |    22 ||   168
       Blink             |       |       |       |     8 ||     8
       Inner Flame       |       |       |       |     6 ||     6
Evoke: Wand              |       |     2 |    13 |     8 ||    23
  Use: Scroll            |     1 |     8 |     5 |     5 ||    19
       Potion            |       |       |    10 |     6 ||    16
 Stab: Sleeping          |       |     1 |       |       ||     1
Armor: Robe              |    40 |    13 |    80 |    34 ||   167
Dodge: Dodged            |    69 |    50 |   197 |   125 ||   441

Table legend: (Time is in decaauts)
 A = Elapsed time spent in this place.
 B = Non-inter-level travel time spent in this place.
 C = Inter-level travel time spent in this place.
 D = Time resting spent in this place.
 E = Time spent auto-exploring this place.
 F = Levels seen in this place.
 G = Mean time per level.
                   A        B        C        D        E       F      G
               +--------+--------+--------+--------+--------+-----+--------+
         Total |  14604 |  12780 |   1824 |   3556 |   5473 |  11 | 1327.6 |
       Dungeon |  14194 |  12406 |   1788 |   3551 |   5119 |  10 | 1419.4 |
        Temple |    409 |    374 |     35 |      5 |    354 |   1 |  409.0 |
               +--------+--------+--------+--------+--------+-----+--------+

Top non-repeatable levels by time:
     D:7: 2927 daAuts
     D:5: 2280 daAuts
     D:4: 1780 daAuts
     D:8: 1560 daAuts
     D:9: 1487 daAuts
     D:3: 1386 daAuts
     D:2: 868 daAuts
     D:6: 784 daAuts
     D:1: 767 daAuts
  Temple: 409 daAuts
    D:10: 349 daAuts
